AoeStats
← OptimusPrime

Arena

511070846Analyzed
1v1 RM · 7h ago on Oct 3, 2026· 72m 17s· 2 players
Game mode
Random Map
Map size
Tiny (2 player)
Population
200
Speed
Normal
Resources
Standard
Victory
Conquest
Starting age
Dark Age
Ending age
Imperial Age
RankedLock teamsTeams togetherTeam positionsShared explorationLock speedFull tech treeHidden civsTurbo modeCheats
Victory
Defeat
🇲🇽 Bohemians · Mexico
1080
+18
🇹🇷 Turks · Türkiye
1119
-18
Matheito9585
10:46 Feudal Age
11:12 Double-Bit Axe
16:47 Castle Age
14:36 Horse Collar
19:23 Wheelbarrow
19:56 Sanctity
19:51 Bow Saw
22:04 Loom
22:21 Heavy Plow
22:48 Fletching
22:29 Elite Skirmisher
24:20 Bodkin Arrow
27:10 Padded Archer Armor
29:14 Redemption
30:03 Scale Mail Armor
30:20 Pikeman
31:12 Squires
31:30 Leather Archer Armor
31:31 Chain Mail Armor
32:05 Coinage
34:15 Imperial Age
33:42 Chemistry
33:11 Forging
33:54 Hand Cart
34:54 Iron Casting
35:58 Two-Man Saw
35:21 Block Printing
35:33 Illumination
35:28 Murder Holes
36:00 Ballistics
36:07 Bracer
36:21 Fervor
36:49 Theocracy
37:59 Ring Archer Armor
38:45 Wagenburg Tactics
40:24 Plate Mail Armor
41:55 Blast Furnace
42:47 Murder Holes
43:07 Fortified Wall
42:59 Murder Holes
45:41 Halberdier
46:07 Arson
50:41 Town Watch
50:40 Houfnice
51:33 Fortified Wall
60:02 Elite Hussite Wagon
61:19 Banking
OptimusPrime
11:46 Feudal Age
16:27 Castle Age
14:39 Loom
14:43 Horse Collar
15:19 Double-Bit Axe
17:45 Wheelbarrow
31:34 Imperial Age
31:33 Hand Cart
31:49 Gold Mining
31:49 Stone Mining
32:02 Heavy Plow
33:57 Conscription
33:57 Bow Saw
34:27 Bloodlines
34:19 Husbandry
35:13 Fletching
35:23 Padded Archer Armor
37:32 Artillery
39:07 Hoardings
38:56 Ballistics
39:47 Forging
39:37 Scale Mail Armor
39:42 Scale Barding Armor
41:22 Masonry
43:13 Elite Janissary
45:55 Leather Archer Armor
46:49 Parthian Tactics
46:30 Thumb Ring
46:22 Bodkin Arrow
48:51 Sipahi
48:06 Heavy Cavalry Archer
50:28 Bracer
50:58 Ring Archer Armor
57:09 Scale Barding Armor
61:32 Chain Barding Armor
61:47 Iron Casting
63:12 Iron Casting
63:13 Plate Barding Armor
Connection lost

Rejoining the realm…

Still unreachable

The connection could not be restored.

Session expired

The server has moved on; the page needs a fresh start.